 Dungeon Crawl Stone Soup version 0.30.0-29-ga12c61a403 (webtiles) character file.

Game seed: 13675032915031808367

441 olmar the Cudgeller (level 7, -4/56 HPs)
             Began as a Gnoll Reaver on June 4, 2023.
             Slain by a black bear (6 damage)
             ... on level 4 of the Dungeon.
             The game lasted 00:05:22 (3140 turns).

olmar the Cudgeller (Gnoll Reaver)                  Turns: 3140, Time: 00:05:22

Health: -4/56      AC:  4    Str: 11    XL:     7   Next: 2%
Magic:  15/15      EV: 12    Int: 15    God:
Gold:   252        SH:  0    Dex: 10    Spells: 11/17 levels left

rFire   + . .        C - +2 dagger (drain)
rCold   . . .        (no shield)
rNeg    + . .        b - +0 leather armour
rPois   .            (no helmet)
rElec   .            j - +0 cloak
rCorr   .            (no gloves)
SInv    .            (no boots)
Will    .....        w - amulet of the acrobat
Stlth   ++           q - ring of protection from fire
HPRegen 0.29/turn    v - ring of positive energy
MPRegen 0.14/turn

%: acrobat
@: no status effects
A: fangs 1, strong nose, distributed training
a: no special abilities


You were on level 4 of the Dungeon.
You visited 1 branch of the dungeon, and saw 4 of its levels.

You collected 252 gold pieces.

Inventory:

Hand Weapons
 a - a +0 mace
 t - a +0 dagger of venom
 z - a +3 short sword of speed
 C - a +2 dagger of draining (weapon)
Missiles
 p - 2 throwing nets
 s - 10 poisoned darts (quivered)
Armour
 b - a +0 leather armour (worn)
 j - a +0 cloak (worn)
 k - an orb of guile
 D - a +0 helmet
Magical Staves
 y - a staff of death
Jewellery
 q - a ring of protection from fire (left hand)
 v - a ring of positive energy (right hand)
 w - an amulet of the acrobat (around neck)
Wands
 A - a wand of roots (4)
Scrolls
 d - a scroll of immolation {unknown}
 h - a scroll of enchant armour {unknown}
 l - a scroll of fear {unknown}
 m - a scroll of noise {unknown}
 o - 2 scrolls of poison {unknown}
 r - 2 scrolls of vulnerability {unknown}
 B - a scroll of amnesia {unknown}
 E - 2 scrolls of teleportation {unknown}
 F - a scroll of brand weapon {unknown}
 G - a scroll of magic mapping {unknown}
Potions
 c - 2 potions of cancellation
 e - 2 potions of degeneration {unknown}
 f - 2 potions of curing {unknown}
 g - 2 potions of heal wounds {unknown}
 i - 2 potions of resistance {unknown}
 n - a potion of flight {unknown}
 u - a potion of haste {unknown}
 x - a potion of attraction {unknown}
 H - a potion of lignification {unknown}
 I - a potion of brilliance {unknown}


   Skills:
 + Level 5.1 Fighting
 + Level 2.3 Short Blades
 + Level 2.3 Long Blades
 + Level 2.3 Axes
 + Level 7.0 Maces & Flails
 + Level 2.3 Polearms
 + Level 2.3 Staves
 + Level 2.3 Ranged Weapons
 + Level 2.3 Throwing
 + Level 2.3 Armour
 + Level 5.1 Dodging
 + Level 2.3 Stealth
 + Level 2.3 Shields
 + Level 2.3 Unarmed Combat
 + Level 5.5 Spellcasting
 + Level 5.8 Conjurations
 + Level 1.8 Hexes
 + Level 1.8 Summonings
 + Level 1.8 Necromancy
 + Level 1.8 Translocations
 + Level 1.8 Transmutations
 + Level 1.8 Fire Magic
 + Level 1.8 Ice Magic
 + Level 1.8 Air Magic
 + Level 1.8 Earth Magic
 + Level 1.8 Poison Magic
 + Level 2.5 Invocations
 + Level 2.3 Evocations


You had 11 spell levels left.
You knew the following spells:

 Your Spells              Type           Power      Damage    Failure   Level
a - Kiss of Death         Conj/Necr      60%        2d10      4%          1
b - Momentum Strike       Conj/Tloc      30%        3d8       6%          2
c - Hailstorm             Conj/Ice       15%        3d5       13%         3

Your spell library contained the following spells:

 Spells                   Type           Power      Damage    Failure   Level
 Magic Dart               Conj           84%        1d7       1%          1
 Call Imp                 Summ           18%        N/A       14%         2
 Mephitic Cloud           Conj/Pois/Air  13%        N/A       17%         3


Dungeon Overview and Level Annotations

Branches:
Dungeon (4/15)
 Temple: D:4-7

Altars:
Wu Jian


Innate Abilities, Weirdness & Mutations

You have very sharp teeth.
Your uncanny sense of smell can sniff out nearby items.
Your experience applies equally to all skills.


Message History

You sense an unholy aura.
C - a +2 dagger of draining (weapon)
You hit the black bear but do no damage.
The black bear bites you. The black bear claws you.
The black bear claws you but does no damage.
You closely miss the black bear. The black bear closely misses you.
The black bear claws you. The black bear barely misses you.
Unknown command.
You barely miss the black bear. Your bite misses the black bear.
The black bear bites you.
* * * LOW HITPOINT WARNING * * *
The black bear claws you.
* * * LOW HITPOINT WARNING * * *
The black bear barely misses you.
Unknown command.
Okay, then.
Okay, then.
Okay, then.
Aiming: Fastroot
Press: ? - help, Shift-Dir - straight line, f - black bear
Aim: a black bear The roots erupt in riotous growth!
Roots grab the black bear.
The grasping roots constrict the black bear.
You hear a shout!
The black bear bites you.
* * * LOW HITPOINT WARNING * * *
The black bear barely misses you. The black bear claws you.
* * * LOW HITPOINT WARNING * * *
Unknown command.
Unknown command.
Unknown command.
Unknown command.
Unknown command.
The grasping roots constrict the black bear!
The roots release their grip on the black bear.
Okay, then.
It was a potion of cancellation.
You feel magically purged. The black bear bites you.
You die...

#..........#.#
#......
#.########.#.#
#.#.##... . #.#.#
#.#.##...
#.#.####.#.##(..
#=...).?.#......
#........###.... #
#........# #...
#...#######$.......#
#...
#....)†h@.........#
##..
.....)######....!.##
#.. ..... .......#
#.. .... #.......#
#.. ... #.......#
#.. .. #.......# #..
.∆ #.#.##.## ##. #.
#.


You could see a black bear.

Vanquished Creatures
  Eustachio (D:4)
  Blork the orc (D:4)
  A hound (D:4)
  Ijyb (D:3)
  Robin (D:3)
  4 gnolls (D:3)
  3 adders
  A worm (D:2)
  5 dart slugs
  An orc (D:4)
  13 ball pythons
  9 endoplasms
  6 giant cockroaches
  10 goblins
  13 hobgoblins
  8 quokkas
  3 bats
  2 frilled lizards (D:2)
  6 kobolds
  4 rats
93 creatures vanquished.

Notes
Turn   | Place    | Note
-------+----------+-------------------------------------------
     0 | D:1      | olmar the Gnoll Reaver began the quest for the Orb.
     0 | D:1      | Reached XP level 1. HP: 20/20 MP: 6/6
    86 | D:1      | Reached XP level 2. HP: 22/26 MP: 7/7
   328 | D:1      | Learned a level 2 spell: Momentum Strike
   392 | D:1      | Reached skill level 5 in Spellcasting
   392 | D:1      | Reached XP level 3. HP: 31/31 MP: 5/9
   885 | D:2      | Reached skill level 1 in Invocations
  1026 | D:2      | Learned a level 3 spell: Hailstorm
  1202 | D:2      | Reached skill level 1 in Short Blades
  1202 | D:2      | Reached skill level 1 in Long Blades
  1202 | D:2      | Reached skill level 1 in Axes
  1202 | D:2      | Reached skill level 1 in Polearms
  1202 | D:2      | Reached skill level 1 in Staves
  1202 | D:2      | Reached skill level 1 in Ranged Weapons
  1202 | D:2      | Reached skill level 1 in Throwing
  1202 | D:2      | Reached skill level 1 in Armour
  1202 | D:2      | Reached skill level 1 in Stealth
  1202 | D:2      | Reached skill level 1 in Shields
  1202 | D:2      | Reached skill level 1 in Unarmed Combat
  1202 | D:2      | Reached skill level 1 in Evocations
  1288 | D:2      | Reached XP level 4. HP: 38/38 MP: 11/11
  1568 | D:3      | Found an ornate altar of the Wu Jian Council.
  1759 | D:3      | Reached skill level 1 in Hexes
  1759 | D:3      | Reached skill level 1 in Summonings
  1759 | D:3      | Reached skill level 1 in Necromancy
  1759 | D:3      | Reached skill level 1 in Translocations
  1759 | D:3      | Reached skill level 1 in Transmutations
  1759 | D:3      | Reached skill level 1 in Fire Magic
  1759 | D:3      | Reached skill level 1 in Ice Magic
  1759 | D:3      | Reached skill level 1 in Air Magic
  1759 | D:3      | Reached skill level 1 in Earth Magic
  1759 | D:3      | Reached skill level 1 in Poison Magic
  2033 | D:3      | Noticed Ijyb
  2035 | D:3      | Noticed Robin
  2068 | D:3      | Killed Ijyb
  2069 | D:3      | Reached XP level 5. HP: 16/43 MP: 12/12
  2273 | D:3      | Killed Robin
  2874 | D:4      | Noticed Eustachio
  2898 | D:4      | Killed Eustachio
  2899 | D:4      | Reached skill level 5 in Fighting
  2899 | D:4      | Reached skill level 5 in Dodging
  2899 | D:4      | Reached XP level 6. HP: 43/51 MP: 8/14
  3089 | D:4      | Noticed Blork the orc
  3092 | D:4      | Noticed a black bear
  3104 | D:4      | Killed Blork the orc
  3131 | D:4      | Reached skill level 7 in Maces & Flails
  3131 | D:4      | Reached XP level 7. HP: 26/56 MP: 15/15
  3138 | D:4      | HP: 2/56 [black bear (3)]
  3140 | D:4      | Slain by a black bear

Illustrated notes

Levels and vault maps discovered:
D:1:      lightli_arrival_statuegarden, layout_rooms
D:2:      layout_basic, minmay_tromino_v2
D:3:      wad_woods_settlement, layout_basic, nicolae_wu_jian_wuxing_cycle,
          nicolae_goblin_pals, uniq_robin, uniq_ijyb
D:4:      layout_basic, uniq_blork_the_orc, uniq_eustachio

Skill      XL: |  1  2  3  4  5  6 |
---------------+-------------------+-----
Spellcasting   | 5 |  5.5
Invocations    | 1 2 |  2.5
Short Blades   | 1 2 |  2.3
Long Blades    | 1 2 |  2.3
Axes           | 1 2 |  2.3
Polearms       | 1 2 |  2.3
Staves         | 1 2 |  2.3
Ranged Weapons | 1 2 |  2.3
Throwing       | 1 2 |  2.3
Armour         | 1 2 |  2.3
Stealth        | 1 2 |  2.3
Shields        | 1 2 |  2.3
Unarmed Combat | 1 2 |  2.3
Evocations     | 1 2 |  2.3
Hexes          | 1 |  1.8
Summonings     | 1 |  1.8
Necromancy     | 1 |  1.8
Translocations | 1 |  1.8
Transmutations | 1 |  1.8
Fire Magic     | 1 |  1.8
Ice Magic      | 1 |  1.8
Air Magic      | 1 |  1.8
Earth Magic    | 1 |  1.8
Poison Magic   | 1 |  1.8
Fighting       | 5 |  5.1
Dodging        | 5 |  5.1
Maces & Flails | 7 |  7.0
Conjurations   | |  5.8

Action                     |  1- 3 |  4- 6 |  7- 9 || total
---------------------------+-------+-------+-------++-------
  Melee: Mace              |   111 |    40 |       ||   151
         Bite              |    11 |    24 |       ||    35
         Punch             |     1 |       |       ||     1
         Dagger            |       |    46 |     3 ||    49
         Short sword       |       |   143 |     2 ||   145
  Throw: Dart              |       |     2 |       ||     2
   Cast: Momentum Strike   |     2 |     6 |       ||     8
         Hailstorm         |       |     2 |       ||     2
  Evoke: Wand              |       |     1 |     1 ||     2
    Use: Potion            |       |       |     1 ||     1
   Stab: Sleeping          |       |     2 |       ||     2
 Armour: Leather armour    |    28 |    39 |     2 ||    69
  Dodge: Dodged            |    68 |    98 |     4 ||   170
